Jets vs Red Wings (R1)

Created - 7 mai 2016 at 19:06

Goals
1 2 3 OT1 T
Jets 1 0 1 1 3
Red Wings 0 0 2 0 2
Shots
1 2 3 OT1 T
Jets 15 18 4 6 43
Red Wings 7 9 14 6 36

1st period

1. Jets , Derek Roy 3 (Dustin Brown, Benoit Pouliot) at 7:27

Penalties :
Richard Jackman (Det) for Holding (Minor) at 14:36

2nd period

No Goal

Penalties :
Blair Betts (Win) for Slashing (Minor) at 12:33, Maxim Kondratiev (Det) for Hooking (Minor) at 19:46

3rd period

2. Red Wings , Ales Hemsky 2 (Mike Richards, Christian Backman) at 3:23
3. Red Wings , Sean Bergenheim 1 (Ales Hemsky, Shea Weber) at 4:14
4. Jets , Benoit Pouliot 2 (Dustin Brown, Derek Roy) at 18:09

Penalties :
Kevin Klein (Win) for Holding Stick (Minor) at 0:07, Jason Spezza (Det) for Hooking (Minor) at 4:41, Mikko Koivu (Win) for Hooking (Minor) at 11:31, Dmitri Kalinin (Win) for Roughing (Minor) at 11:42, Maxim Kondratiev (Det) for Cross-checking (Minor) at 18:42

Overtime #1

5. Jets , Mikko Koivu 1 (Adam Pardy, Daniel Sedin) at 8:27

Penalties :
No Penalty

Goalie Stats

Kari Lehtonen (Win), 34 saves from 36 shots - (0,944), W, 1-0-0, 68:27 minutes
Jonathan Quick (Det), 40 saves from 43 shots - (0,930), OTL, 1-0-1, 68:27 minutes

Players Stats for Jets

Player Name              G  A  P  +/- PIM S  H  SB GA TA FO     MP     PP MP  PK MP  
------------------------------------------------------------------------------------
Adam Pardy               0  1  1   1  0   1  1  2  0  0  0/0    15:52   0:00   3:07 
Anton Volchenkov         0  0  0   1  0   1  4  1  0  1  0/0    21:31   2:14   1:23 
Benoit Pouliot           1  1  2   2  0   5  2  0  2  1  2/4    22:12   3:44   0:43 
Blair Betts              0  0  0   0  2   1  1  0  0  0  3/11   10:05   0:00   0:00 
Blake Wheeler            0  0  0  -1  0   4  3  0  1  0  3/4    19:52   2:34   2:22 
Brendan Bell             0  0  0   0  0   1  4  3  0  0  0/0    23:47   0:00   1:23 
Chris Phillips           0  0  0   0  0   3  3  0  0  1  0/0    24:15   2:14   1:22 
Daniel Sedin             0  1  1  -1  0   2  1  1  1  0  0/1    18:10   2:34   0:34 
Derek Roy                1  1  2   2  0   5  2  0  0  0  17/36  24:04   3:44   1:57 
Dmitri Kalinin           0  0  0  -1  2   2  0  2  0  3  0/0    33:32   4:04   1:44 
Dustin Brown             0  2  2   2  0   4  4  0  3  0  0/1    21:53   3:44   0:34 
Eric Fehr                0  0  0   0  0   2  0  1  0  0  0/0     9:31   0:00   0:00 
Fredrik Sjostrom         0  0  0   0  0   1  0  0  0  0  0/0    10:27   0:00   0:51 
Jussi Jokinen            0  0  0   0  0   5  0  2  1  0  1/1    14:38   0:00   0:00 
Kevin Klein              0  0  0   1  2   1  2  1  0  1  0/0    18:03   4:03   0:00 
Mikko Koivu              1  0  1  -1  2   4  1  1  0  0  8/15   17:07   2:34   0:11 
Tomas Kopecky            0  0  0   0  0   1  1  0  0  0  1/1    14:38   0:00   0:00 
Zack Hamill              0  0  0   0  0   0  2  0  1  0  2/6    14:38   0:00   0:00 

Players Stats for Red Wings

Player Name              G  A  P  +/- PIM S  H  SB GA TA FO     MP     PP MP  PK MP  
------------------------------------------------------------------------------------
Adam Henrique            0  0  0  -1  0   4  2  0  0  1  4/11   11:07   0:00   1:17 
Ales Hemsky              1  1  2   1  0   1  1  0  0  0  0/0    14:30   1:49   0:00 
Alex Picard              0  0  0   0  0   1  2  1  0  0  1/2    17:02   0:04   1:11 
Carson Mcmillan          0  0  0  -1  0   0  1  0  0  0  0/0     9:50   0:00   0:00 
Christian Backman        0  1  1   1  0   2  0  1  0  0  0/0    24:05   2:00   2:51 
Jason Spezza             0  0  0  -1  2   1  0  0  1  0  31/43  24:47   2:37   3:03 
Martin Havlat            0  0  0  -1  0   3  3  0  0  0  0/1    18:36   2:16   0:53 
Maxim Kondratiev         0  0  0   1  4   1  5  1  0  1  0/0    21:09   2:00   2:05 
Mike Brown               0  0  0   0  0   1  0  0  0  1  0/0    15:39   0:04   0:00 
Mike Richards            0  1  1   1  0   5  2  0  0  0  3/12   16:55   1:49   1:48 
Nate Thompson            0  0  0   0  0   2  0  0  0  0  2/8    15:49   0:04   0:10 
Ossi Vaananen            0  0  0   0  0   1  0  1  1  0  0/0    13:18   0:00   0:00 
Philip Samuelsson        0  0  0   0  0   2  0  2  0  3  0/0    18:13   0:21   1:08 
Richard Jackman          0  0  0  -2  2   1  2  0  1  0  0/0    30:12   2:30   2:22 
Rick Nash                0  0  0  -1  0   5  4  1  1  1  1/1    25:47   2:37   4:14 
Robert Dome              0  0  0  -1  0   1  0  0  2  0  0/0     9:50   0:00   0:00 
Sean Bergenheim          1  0  1   1  0   2  3  1  0  0  1/2    14:30   1:49   0:00 
Shea Weber               0  1  1  -2  0   3  0  2  1  2  0/0    32:56   2:30   4:10 

3 Stars

1 - Benoit Pouliot (Win)
2 - Derek Roy (Win)
3 - Dustin Brown (Win)

Power Play

Jets - 0 on 4 Attempt(s) - 0,00%
Red Wings - 0 on 4 Attempt(s) - 0,00%

Penalty Kill

Jets - 4 on 4 Attempt(s) - 100,00% - Score 0 goal in Penalty Kill
Red Wings - 4 on 4 Attempt(s) - 100,00% - Score 0 goal in Penalty Kill

Team Stat

Jets - Hits : 31 - Faceoff Wins : 37 - Blocked Shots : 14 - Penalty Minutes : 8
Red Wings - Hits : 25 - Faceoff Wins : 43 - Blocked Shots : 10 - Penalty Minutes : 8

Official

Referees : L'Ecuyer Frederick and Ciamaga Chris
Linesman : Tim Nowak and Mark Pare

Game Notes

No Game Note

Finance

Level 1 -- Attendance: 6000 (100,00%) -- Ticket Income 450 000 $
Level 2 -- Attendance: 5000 (100,00%) -- Ticket Income 225 000 $
Level 3 -- Attendance: 2000 (100,00%) -- Ticket Income 50 000 $
Level 4 -- Attendance: 4000 (100,00%) -- Ticket Income 72 000 $
Luxury Box -- Attendance: 1000 (100,00%) -- Ticket Income 150 000 $
Game was played at the Joe Louis Arena.
Total Attendance: 18000 (100,00%)
Total Ticket Income: 947 000 $
Other Income: 142 050 $
Total Income: 1 089 050 $

Jets

5 vs 5 Forward 
   Center                   Left Wing                Right Wing               Time % Phy DF OF 
 1 Derek Roy                Benoit Pouliot           Dustin Brown             40     1   2  2  
 2 Mikko Koivu              Daniel Sedin             Blake Wheeler            30     1   2  2  
 3 Zack Hamill              Jussi Jokinen            Tomas Kopecky            20     1   2  2  
 4 Blair Betts              Fredrik Sjostrom         Eric Fehr                10     1   2  2  

5 vs 5 Defense 
   Defense                  Defense                                           Time % Phy DF OF 
 1 Dmitri Kalinin           Brendan Bell                                      40     1   2  2  
 2 Anton Volchenkov         Chris Phillips                                    30     1   2  2  
 3 Kevin Klein              Adam Pardy                                        20     1   2  2  
 4 Dmitri Kalinin           Chris Phillips                                    10     1   2  2  

PowerPlay Forward 
   Center                   Left Wing                Right Wing               Time % Phy DF OF 
 1 Derek Roy                Benoit Pouliot           Dustin Brown             60     1   2  2  
 2 Mikko Koivu              Daniel Sedin             Blake Wheeler            40     1   2  2  

PowerPlay Defense
   Defense                  Defense                                           Time % Phy DF OF 
 1 Dmitri Kalinin           Kevin Klein                                       60     1   2  2  
 2 Anton Volchenkov         Chris Phillips                                    40     1   2  2  

Penalty Kill 4 Players Forward 
   Center                   Wing                     Time % Phy DF OF 
 1 Derek Roy                Blake Wheeler            60     1   2  2  
 2 Daniel Sedin             Dustin Brown             40     1   2  2  

Penalty Kill 4 Players Defense
   Defense                  Defense                  Time % Phy DF OF 
 1 Dmitri Kalinin           Adam Pardy               60     1   2  2  
 2 Anton Volchenkov         Brendan Bell             40     1   2  2  

Penalty Kill - 3 Players Forward 
   Forward                                           Time % Phy DF OF 
 1 Blake Wheeler                                     60     1   2  2  
 2 Derek Roy                                         40     1   2  2  

Penalty Kill - 3 Players Defense
   Defense                  Defense                  Time % Phy DF OF 
 1 Dmitri Kalinin           Chris Phillips           60     1   2  2  
 2 Anton Volchenkov         Brendan Bell             40     1   2  2  

4 vs 4 Forward 
   Center                   Wing                     Time % Phy DF OF 
 1 Benoit Pouliot           Derek Roy                60     1   2  2  
 2 Daniel Sedin             Dustin Brown             40     1   2  2  

4 vs 4 Defense
   Defense                  Defense                  Time % Phy DF OF 
 1 Dmitri Kalinin           Kevin Klein              60     1   2  2  
 2 Anton Volchenkov         Brendan Bell             40     1   2  2  

Last Minutes Offensive
   Center                   Left Wing                Right Wing               Defense                  Defense                  
   Derek Roy                Benoit Pouliot           Dustin Brown             Dmitri Kalinin           Chris Phillips           

Last Minutes Defensive
   Center                   Left Wing                Right Wing               Defense                  Defense                  
   Derek Roy                Benoit Pouliot           Dustin Brown             Dmitri Kalinin           Chris Phillips           

Goaltenders
Starting : Kari Lehtonen            
Backup : Ilya Bryzgalov           

Extra Forwards
Normal : Jussi Jokinen, Tomas Kopecky, Fredrik Sjostrom - PP : Jussi Jokinen, Tomas Kopecky - PK : Fredrik Sjostrom
Extra Defensemen
Normal : Kevin Klein, Adam Pardy, Anton Volchenkov - PP : Kevin Klein - PK : Adam Pardy, Anton Volchenkov
Penalty Shots
Benoit Pouliot, Derek Roy, Daniel Sedin, Dustin Brown, Mikko Koivu

Red Wings

5 vs 5 Forward 
   Center                   Left Wing                Right Wing               Time % Phy DF OF 
 1 Jason Spezza             Rick Nash                Martin Havlat            40     1   2  2  
 2 Mike Richards            Sean Bergenheim          Ales Hemsky              30     1   2  2  
 3 Nate Thompson            Alex Picard              Mike Brown               20     1   2  2  
 4 Adam Henrique            Robert Dome              Carson Mcmillan          10     1   2  2  

5 vs 5 Defense 
   Defense                  Defense                                           Time % Phy DF OF 
 1 Shea Weber               Richard Jackman                                   40     1   2  2  
 2 Christian Backman        Maxim Kondratiev                                  30     1   2  2  
 3 Philip Samuelsson        Ossi Vaananen                                     20     1   2  2  
 4 Christian Backman        Shea Weber                                        10     1   2  2  

PowerPlay Forward 
   Center                   Left Wing                Right Wing               Time % Phy DF OF 
 1 Jason Spezza             Rick Nash                Martin Havlat            60     1   2  2  
 2 Mike Richards            Sean Bergenheim          Ales Hemsky              40     1   2  2  

PowerPlay Defense
   Defense                  Defense                                           Time % Phy DF OF 
 1 Shea Weber               Richard Jackman                                   60     1   2  2  
 2 Christian Backman        Maxim Kondratiev                                  40     1   2  2  

Penalty Kill 4 Players Forward 
   Center                   Wing                     Time % Phy DF OF 
 1 Jason Spezza             Rick Nash                60     1   2  2  
 2 Mike Richards            Martin Havlat            40     1   2  2  

Penalty Kill 4 Players Defense
   Defense                  Defense                  Time % Phy DF OF 
 1 Shea Weber               Richard Jackman          60     1   2  2  
 2 Christian Backman        Maxim Kondratiev         40     1   2  2  

Penalty Kill - 3 Players Forward 
   Forward                                           Time % Phy DF OF 
 1 Jason Spezza                                      60     1   2  2  
 2 Rick Nash                                         40     1   2  2  

Penalty Kill - 3 Players Defense
   Defense                  Defense                  Time % Phy DF OF 
 1 Shea Weber               Richard Jackman          60     1   2  2  
 2 Christian Backman        Maxim Kondratiev         40     1   2  2  

4 vs 4 Forward 
   Center                   Wing                     Time % Phy DF OF 
 1 Jason Spezza             Rick Nash                60     1   2  2  
 2 Mike Richards            Martin Havlat            40     1   2  2  

4 vs 4 Defense
   Defense                  Defense                  Time % Phy DF OF 
 1 Shea Weber               Richard Jackman          60     1   2  2  
 2 Christian Backman        Maxim Kondratiev         40     1   2  2  

Last Minutes Offensive
   Center                   Left Wing                Right Wing               Defense                  Defense                  
   Jason Spezza             Rick Nash                Martin Havlat            Shea Weber               Richard Jackman          

Last Minutes Defensive
   Center                   Left Wing                Right Wing               Defense                  Defense                  
   Jason Spezza             Rick Nash                Martin Havlat            Shea Weber               Richard Jackman          

Goaltenders
Starting : Jonathan Quick           
Backup : Scott Clemmensen         

Extra Forwards
Normal : Nate Thompson, Alex Picard, Adam Henrique - PP : Nate Thompson, Alex Picard - PK : Adam Henrique
Extra Defensemen
Normal : Philip Samuelsson, Maxim Kondratiev, Christian Backman - PP : Philip Samuelsson - PK : Maxim Kondratiev, Christian Backman
Penalty Shots
Jason Spezza, Rick Nash, Mike Richards, Martin Havlat, Sean Bergenheim

% Time on Ice - Jets

Lines # - Real PCT - Wanted PCT - Time Play
Normal Forward
1 - 31% - 40% - 17:34
2 - 26% - 30% - 14:18
3 - 26% - 20% - 14:38
4 - 17% - 10% - 9:31
Normal Defense
1 - 42% - 40% - 23:19
2 - 31% - 30% - 17:07
3 - 21% - 20% - 11:58
4 - 6% - 10% - 3:37
PP Forward
1 - 59% - 60% - 3:44
2 - 41% - 40% - 2:34
PP Defense
1 - 65% - 60% - 4:04
2 - 35% - 40% - 2:14
PK Forward
1 - 79% - 60% - 2:08
2 - 21% - 40% - 0:34
PK Defense
1 - 65% - 60% - 1:45
2 - 35% - 40% - 0:57
PK3 Forward
1 - 79% - 60% - 1:25
2 - 21% - 40% - 0:23
PK3 Defense
1 - 76% - 60% - 1:22
2 - 24% - 40% - 0:26
44 Forward
1 - 55% - 60% - 0:54
2 - 45% - 40% - 0:44
44 Defense
1 - 55% - 60% - 0:54
2 - 45% - 40% - 0:44
Last Minute Offensive  - 0:00
Last Minute Defensive  - 0:00
Total
Forward - 68:27
Defense - 68:27

% Time on Ice - Red Wings

Lines # - Real PCT - Wanted PCT - Time Play
Normal Forward
1 - 33% - 40% - 18:30
2 - 23% - 30% - 12:41
3 - 27% - 20% - 15:00
4 - 18% - 10% - 9:50
Normal Defense
1 - 40% - 40% - 22:24
2 - 31% - 30% - 17:25
3 - 24% - 20% - 13:18
4 - 5% - 10% - 2:54
PP Forward
1 - 60% - 60% - 2:41
2 - 40% - 40% - 1:49
PP Defense
1 - 56% - 60% - 2:30
2 - 44% - 40% - 2:00
PK Forward
1 - 86% - 60% - 5:25
2 - 14% - 40% - 0:53
PK Defense
1 - 66% - 60% - 4:10
2 - 34% - 40% - 2:08
PK3 Forward
1 - 0% - 60%
2 - 0% - 40%
PK3 Defense
1 - 0% - 60%
2 - 0% - 40%
44 Forward
1 - 74% - 60% - 1:13
2 - 26% - 40% - 0:25
44 Defense
1 - 59% - 60% - 0:58
2 - 41% - 40% - 0:40
Last Minute Offensive  - 0:00
Last Minute Defensive  - 0:00
Total
Forward - 68:27
Defense - 68:27

Play by Play

1st period


0:01 of 1st period - Jason Spezza wins face-off versus Derek Roy in neutral zone.
0:33 of 1st period - Backhand shot by Chris Phillips.
0:33 of 1st period - Deflect By Blake Wheeler.
0:33 of 1st period - Shot Blocked by Sean Bergenheim.
0:33 of 1st period - Puck is out of play.
0:34 of 1st period - Nate Thompson wins face-off versus Zack Hamill in Red Wings zone.
0:48 of 1st period - Icing by Maxim Kondratiev.
0:49 of 1st period - Blair Betts wins face-off versus Nate Thompson in Red Wings zone.
0:56 of 1st period - Snap shot by Fredrik Sjostrom.
0:56 of 1st period - Shot Misses the Net.
1:06 of 1st period - Wrist shot by Nate Thompson.
1:06 of 1st period - Stopped by Kari Lehtonen with a rebound.
2:39 of 1st period - Wrist shot by Blair Betts.
2:39 of 1st period - Stopped by Jonathan Quick with a rebound.
2:42 of 1st period - Icing by Carson Mcmillan.
2:43 of 1st period - Derek Roy wins face-off versus Adam Henrique in Red Wings zone.
3:16 of 1st period - Slapshot by Shea Weber.
3:16 of 1st period - Stopped by Kari Lehtonen with a rebound.
3:28 of 1st period - Slapshot by Shea Weber.
3:28 of 1st period - Shot Blocked by Jussi Jokinen.
3:30 of 1st period - Snap shot by Shea Weber.
3:30 of 1st period - Stopped by Kari Lehtonen without a rebound.
3:31 of 1st period - Tomas Kopecky wins face-off versus Mike Richards in Jets zone.
3:31 of 1st period - Tomas Kopecky is hit by Sean Bergenheim.
4:42 of 1st period - Shea Weber is hit by Kevin Klein.
5:02 of 1st period - Slapshot by Rick Nash.
5:02 of 1st period - Deflect By Jason Spezza.
5:02 of 1st period - Shot Blocked by Adam Pardy.
5:02 of 1st period - Puck is out of play.
5:03 of 1st period - Jason Spezza wins face-off versus Zack Hamill in Jets zone.
5:14 of 1st period - Snap shot by Rick Nash.
5:14 of 1st period - Stopped by Kari Lehtonen without a rebound.
5:15 of 1st period - Derek Roy wins face-off versus Mike Richards in Jets zone.
5:26 of 1st period - Slapshot by Benoit Pouliot.
5:26 of 1st period - Stopped by Jonathan Quick with a rebound.
5:28 of 1st period - Slapshot by Chris Phillips.
5:28 of 1st period - Shot Misses the Net.
5:42 of 1st period - Blake Wheeler is hit by Rick Nash.
5:47 of 1st period - Off-side.
5:48 of 1st period - Mikko Koivu wins face-off versus Jason Spezza in neutral zone.
6:15 of 1st period - Mike Brown is hit by Dustin Brown and loses puck.
6:29 of 1st period - Alex Picard is hit by Brendan Bell and loses puck.
7:16 of 1st period - Icing by Sean Bergenheim.
7:17 of 1st period - Blair Betts wins face-off versus Mike Richards in Red Wings zone.
7:25 of 1st period - Wrist shot by Dustin Brown.
7:25 of 1st period - Stopped by Jonathan Quick with a rebound.
7:27 of 1st period - Wrist shot by Derek Roy.
7:27 of 1st period - Goal by Derek Roy - Jets : 1 - Red Wings : 0.
7:28 of 1st period - Jason Spezza wins face-off versus Derek Roy in neutral zone.
8:27 of 1st period - Slapshot by Shea Weber.
8:27 of 1st period - Shot Misses the Net.
8:29 of 1st period - Backhand shot by Shea Weber.
8:29 of 1st period - Deflect By Mike Brown.
8:29 of 1st period - Shot Blocked by Adam Pardy.
8:29 of 1st period - Puck is out of play.
8:30 of 1st period - Derek Roy wins face-off versus Martin Havlat in Jets zone.
8:37 of 1st period - Wrist shot by Dustin Brown.
8:37 of 1st period - Shot Misses the Net.
8:39 of 1st period - Slapshot by Derek Roy.
8:39 of 1st period - Stopped by Jonathan Quick with a rebound.
8:41 of 1st period - Snap shot by Dustin Brown.
8:41 of 1st period - Stopped by Jonathan Quick without a rebound.
8:42 of 1st period - Jason Spezza wins face-off versus Derek Roy in Red Wings zone.
8:59 of 1st period - Slapshot by Derek Roy.
8:59 of 1st period - Stopped by Jonathan Quick with a rebound.
9:58 of 1st period - Off-side.
9:59 of 1st period - Jason Spezza wins face-off versus Benoit Pouliot in neutral zone.
10:25 of 1st period - Icing by Jason Spezza.
10:26 of 1st period - Sean Bergenheim wins face-off versus Mikko Koivu in Red Wings zone.
10:35 of 1st period - Snap shot by Mike Richards.
10:35 of 1st period - Shot Misses the Net.
10:56 of 1st period - Wrist shot by Dustin Brown.
10:56 of 1st period - Shot Misses the Net.
10:58 of 1st period - Snap shot by Derek Roy.
10:58 of 1st period - Shot Blocked by Shea Weber.
11:12 of 1st period - Snap shot by Fredrik Sjostrom.
11:12 of 1st period - Stopped by Jonathan Quick without a rebound.
11:13 of 1st period - Jason Spezza wins face-off versus Blair Betts in Red Wings zone.
11:18 of 1st period - Chris Phillips is hit by Maxim Kondratiev and loses puck.
12:17 of 1st period - Tomas Kopecky is hit by Alex Picard.
12:46 of 1st period - Off-side.
12:47 of 1st period - Jason Spezza wins face-off versus Derek Roy in neutral zone.
12:50 of 1st period - Brendan Bell is hit by Martin Havlat and loses puck.
13:13 of 1st period - Richard Jackman is hit by Blake Wheeler and loses puck.
13:22 of 1st period - Wrist shot by Daniel Sedin.
13:22 of 1st period - Shot Misses the Net.
13:24 of 1st period - Slapshot by Anton Volchenkov.
13:24 of 1st period - Stopped by Jonathan Quick with a rebound.
13:36 of 1st period - Slapshot by Chris Phillips.
13:36 of 1st period - Stopped by Jonathan Quick without a rebound.
13:37 of 1st period - Blair Betts wins face-off versus Adam Henrique in Red Wings zone.
14:03 of 1st period - Dmitri Kalinin is hit by Mike Richards and loses puck.
14:12 of 1st period - Snap shot by Sean Bergenheim.
14:12 of 1st period - Deflect By Mike Richards.
14:12 of 1st period - Deflect By Eric Fehr.
14:12 of 1st period - Stopped by Kari Lehtonen without a rebound.
14:13 of 1st period - Derek Roy wins face-off versus Jason Spezza in Jets zone.
14:28 of 1st period - Snap shot by Benoit Pouliot.
14:28 of 1st period - Shot Misses the Net.
14:30 of 1st period - Slapshot by Anton Volchenkov.
14:30 of 1st period - Shot Misses the Net.
14:36 of 1st period - Minor Penalty to Richard Jackman for Holding.
14:37 of 1st period - Jason Spezza wins face-off versus Derek Roy in Red Wings zone.
15:05 of 1st period - Slapshot by Benoit Pouliot.
15:05 of 1st period - Stopped by Jonathan Quick without a rebound.
15:06 of 1st period - Jason Spezza wins face-off versus Mikko Koivu in Red Wings zone.
15:50 of 1st period - Daniel Sedin is hit by Adam Henrique and loses puck.
16:15 of 1st period - Slapshot by Mike Richards.
16:15 of 1st period - Stopped by Kari Lehtonen with a rebound.
16:35 of 1st period - Rick Nash is hit by Kevin Klein and loses puck.
16:36 of 1st period - Penalty to Richard Jackman is over, Richard Jackman is back on ice.
17:18 of 1st period - Tomas Kopecky is hit by Rick Nash and loses puck.
18:05 of 1st period - Maxim Kondratiev is hit by Tomas Kopecky and loses puck.
18:10 of 1st period - Snap shot by Jussi Jokinen.
18:10 of 1st period - Stopped by Jonathan Quick with a rebound.
18:34 of 1st period - Wrist shot by Rick Nash.
18:34 of 1st period - Stopped by Kari Lehtonen without a rebound.
18:35 of 1st period - Derek Roy wins face-off versus Sean Bergenheim in Jets zone.
18:40 of 1st period - Slapshot by Benoit Pouliot.
18:40 of 1st period - Deflect By Derek Roy.
18:40 of 1st period - Stopped by Jonathan Quick without a rebound.
18:41 of 1st period - Derek Roy wins face-off versus Mike Richards in Red Wings zone.
19:14 of 1st period - Slapshot by Blake Wheeler.
19:14 of 1st period - Stopped by Jonathan Quick without a rebound.
19:15 of 1st period - Mikko Koivu wins face-off versus Nate Thompson in Red Wings zone.
19:24 of 1st period - Wrist shot by Daniel Sedin.
19:24 of 1st period - Shot Misses the Net.
19:47 of 1st period - Mike Richards is hit by Chris Phillips and loses puck.
19:52 of 1st period - Wrist shot by Derek Roy.
19:52 of 1st period - Stopped by Jonathan Quick without a rebound.
19:53 of 1st period - Mikko Koivu wins face-off versus Nate Thompson in Red Wings zone.
Goals for this period are 1 for Jets vs 0 for Red Wings.
Shots for this period are 15 for Jets vs 7 for Red Wings.

2nd period


0:01 of 2nd period - Derek Roy wins face-off versus Mike Richards in neutral zone.
0:06 of 2nd period - Snap shot by Benoit Pouliot.
0:06 of 2nd period - Shot Misses the Net.
0:11 of 2nd period - Ales Hemsky is hit by Derek Roy.
0:25 of 2nd period - Snap shot by Robert Dome.
0:25 of 2nd period - Deflect By Derek Roy.
0:25 of 2nd period - Shot Misses the Net.
0:25 of 2nd period - Puck is out of play.
0:26 of 2nd period - Adam Henrique wins face-off versus Mikko Koivu in Jets zone.
0:52 of 2nd period - Martin Havlat is hit by Zack Hamill and loses puck.
1:19 of 2nd period - Slapshot by Dmitri Kalinin.
1:19 of 2nd period - Stopped by Jonathan Quick without a rebound.
1:20 of 2nd period - Mike Richards wins face-off versus Blair Betts in Red Wings zone.
1:25 of 2nd period - Dmitri Kalinin is hit by Sean Bergenheim and loses puck.
1:32 of 2nd period - Wrist shot by Mike Richards.
1:32 of 2nd period - Stopped by Kari Lehtonen with a rebound.
2:37 of 2nd period - Snap shot by Blake Wheeler.
2:37 of 2nd period - Shot Blocked by Shea Weber.
2:39 of 2nd period - Slapshot by Blake Wheeler.
2:39 of 2nd period - Stopped by Jonathan Quick with a rebound.
3:33 of 2nd period - Off-side.
3:34 of 2nd period - Adam Henrique wins face-off versus Zack Hamill in neutral zone.
3:53 of 2nd period - Wrist shot by Jussi Jokinen.
3:53 of 2nd period - Stopped by Jonathan Quick with a rebound.
3:55 of 2nd period - Snap shot by Jussi Jokinen.
3:55 of 2nd period - Stopped by Jonathan Quick with a rebound.
3:57 of 2nd period - Snap shot by Anton Volchenkov.
3:57 of 2nd period - Shot Blocked by Ossi Vaananen.
4:31 of 2nd period - Zack Hamill is hit by Carson Mcmillan.
4:47 of 2nd period - Snap shot by Tomas Kopecky.
4:47 of 2nd period - Stopped by Jonathan Quick with a rebound.
5:04 of 2nd period - Snap shot by Robert Dome.
5:04 of 2nd period - Stopped by Kari Lehtonen with a rebound.
5:06 of 2nd period - Slapshot by Philip Samuelsson.
5:06 of 2nd period - Shot Misses the Net.
5:08 of 2nd period - Slapshot by Ossi Vaananen.
5:08 of 2nd period - Stopped by Kari Lehtonen with a rebound.
5:10 of 2nd period - Wrist shot by Adam Henrique.
5:10 of 2nd period - Stopped by Kari Lehtonen without a rebound.
5:11 of 2nd period - Jason Spezza wins face-off versus Derek Roy in Jets zone.
5:38 of 2nd period - Dmitri Kalinin is hit by Ales Hemsky and loses puck.
6:01 of 2nd period - Slapshot by Alex Picard.
6:01 of 2nd period - Shot Blocked by Anton Volchenkov.
6:03 of 2nd period - Slapshot by Maxim Kondratiev.
6:03 of 2nd period - Stopped by Kari Lehtonen without a rebound.
6:04 of 2nd period - Derek Roy wins face-off versus Nate Thompson in Jets zone.
6:29 of 2nd period - Mike Brown is hit by Blake Wheeler and loses puck.
6:38 of 2nd period - Brendan Bell is hit by Alex Picard and loses puck.
6:49 of 2nd period - Slapshot by Mike Brown.
6:49 of 2nd period - Shot Blocked by Dmitri Kalinin.
7:32 of 2nd period - Snap shot by Mikko Koivu.
7:32 of 2nd period - Stopped by Jonathan Quick with a rebound.
7:42 of 2nd period - Wrist shot by Blake Wheeler.
7:42 of 2nd period - Stopped by Jonathan Quick with a rebound.
7:44 of 2nd period - Slapshot by Adam Pardy.
7:44 of 2nd period - Stopped by Jonathan Quick with a rebound.
7:46 of 2nd period - Snap shot by Mikko Koivu.
7:46 of 2nd period - Stopped by Jonathan Quick with a rebound.
7:48 of 2nd period - Snap shot by Blake Wheeler.
7:48 of 2nd period - Shot Misses the Net.
7:50 of 2nd period - Backhand shot by Adam Pardy.
7:50 of 2nd period - Shot Misses the Net.
7:52 of 2nd period - Snap shot by Mikko Koivu.
7:52 of 2nd period - Shot Misses the Net.
7:54 of 2nd period - Slapshot by Adam Pardy.
7:54 of 2nd period - Shot Blocked by Alex Picard.
8:06 of 2nd period - Slapshot by Mikko Koivu.
8:06 of 2nd period - Shot Blocked by Philip Samuelsson.
8:08 of 2nd period - Snap shot by Daniel Sedin.
8:08 of 2nd period - Stopped by Jonathan Quick with a rebound.
8:10 of 2nd period - Slapshot by Kevin Klein.
8:10 of 2nd period - Stopped by Jonathan Quick with a rebound.
8:12 of 2nd period - Snap shot by Mikko Koivu.
8:12 of 2nd period - Stopped by Jonathan Quick without a rebound.
8:13 of 2nd period - Jason Spezza wins face-off versus Derek Roy in Red Wings zone.
8:20 of 2nd period - Snap shot by Jason Spezza.
8:20 of 2nd period - Shot Misses the Net.
9:06 of 2nd period - Snap shot by Shea Weber.
9:06 of 2nd period - Deflect By Brendan Bell.
9:06 of 2nd period - Stopped by Kari Lehtonen without a rebound.
9:07 of 2nd period - Zack Hamill wins face-off versus Adam Henrique in Jets zone.
9:16 of 2nd period - Snap shot by Jussi Jokinen.
9:16 of 2nd period - Stopped by Jonathan Quick with a rebound.
9:33 of 2nd period - Icing by Maxim Kondratiev.
9:34 of 2nd period - Derek Roy wins face-off versus Adam Henrique in Red Wings zone.
9:50 of 2nd period - Wrist shot by Robert Dome.
9:50 of 2nd period - Shot Misses the Net.
9:52 of 2nd period - Backhand shot by Christian Backman.
9:52 of 2nd period - Stopped by Kari Lehtonen with a rebound.
9:54 of 2nd period - Slapshot by Christian Backman.
9:54 of 2nd period - Stopped by Kari Lehtonen without a rebound.
9:55 of 2nd period - Jason Spezza wins face-off versus Blair Betts in Jets zone.
10:06 of 2nd period - Snap shot by Rick Nash.
10:06 of 2nd period - Shot Misses the Net.
10:50 of 2nd period - Slapshot by Brendan Bell.
10:50 of 2nd period - Stopped by Jonathan Quick without a rebound.
10:51 of 2nd period - Derek Roy wins face-off versus Jason Spezza in Red Wings zone.
11:00 of 2nd period - Snap shot by Dustin Brown.
11:00 of 2nd period - Stopped by Jonathan Quick with a rebound.
11:02 of 2nd period - Wrist shot by Benoit Pouliot.
11:02 of 2nd period - Stopped by Jonathan Quick without a rebound.
11:03 of 2nd period - Jason Spezza wins face-off versus Derek Roy in Red Wings zone.
11:03 of 2nd period - Jason Spezza is hit by Anton Volchenkov.
11:31 of 2nd period - Daniel Sedin is hit by Mike Richards and loses puck.
11:38 of 2nd period - Slapshot by Anton Volchenkov.
11:38 of 2nd period - Shot Misses the Net.
12:01 of 2nd period - Wrist shot by Nate Thompson.
12:01 of 2nd period - Shot Blocked by Dmitri Kalinin.
12:10 of 2nd period - Icing by Fredrik Sjostrom.
12:11 of 2nd period - Adam Henrique wins face-off versus Blair Betts in Jets zone.
12:27 of 2nd period - Snap shot by Adam Henrique.
12:27 of 2nd period - Shot Misses the Net.
12:33 of 2nd period - Minor Penalty to Blair Betts for Slashing.
12:34 of 2nd period - Derek Roy wins face-off versus Jason Spezza in Jets zone.
13:40 of 2nd period - Maxim Kondratiev is hit by Benoit Pouliot and loses puck.
13:49 of 2nd period - Brendan Bell is hit by Maxim Kondratiev and loses puck.
14:33 of 2nd period - Penalty to Blair Betts is over, Blair Betts is back on ice.
14:44 of 2nd period - Shea Weber is hit by Chris Phillips and loses puck.
15:07 of 2nd period - Snap shot by Alex Picard.
15:07 of 2nd period - Stopped by Kari Lehtonen without a rebound.
15:08 of 2nd period - Jussi Jokinen wins face-off versus Adam Henrique in Jets zone.
15:35 of 2nd period - Philip Samuelsson is hit by Blair Betts and loses puck.
15:40 of 2nd period - Wrist shot by Eric Fehr.
15:40 of 2nd period - Stopped by Jonathan Quick without a rebound.
15:41 of 2nd period - Jason Spezza wins face-off versus Blair Betts in Red Wings zone.
15:52 of 2nd period - Slapshot by Maxim Kondratiev.
15:52 of 2nd period - Shot Blocked by Eric Fehr.
16:00 of 2nd period - Tomas Kopecky is hit by Maxim Kondratiev and loses puck.
16:16 of 2nd period - Icing by Dmitri Kalinin.
16:17 of 2nd period - Zack Hamill wins face-off versus Nate Thompson in Jets zone.
17:08 of 2nd period - Snap shot by Nate Thompson.
17:08 of 2nd period - Shot Misses the Net.
17:10 of 2nd period - Snap shot by Mike Brown.
17:10 of 2nd period - Shot Blocked by Brendan Bell.
18:12 of 2nd period - Slapshot by Richard Jackman.
18:12 of 2nd period - Shot Misses the Net.
18:20 of 2nd period - Snap shot by Nate Thompson.
18:20 of 2nd period - Shot Blocked by Brendan Bell.
18:28 of 2nd period - Slapshot by Dmitri Kalinin.
18:28 of 2nd period - Stopped by Jonathan Quick with a rebound.
19:22 of 2nd period - Off-side.
19:23 of 2nd period - Jason Spezza wins face-off versus Derek Roy in neutral zone.
19:25 of 2nd period - Maxim Kondratiev is hit by Anton Volchenkov and loses puck.
19:46 of 2nd period - Minor Penalty to Maxim Kondratiev for Hooking.
19:47 of 2nd period - Derek Roy wins face-off versus Jason Spezza in Red Wings zone.
Goals for this period are 0 for Jets vs 0 for Red Wings.
Shots for this period are 18 for Jets vs 9 for Red Wings.

3rd period


0:01 of 3rd period - Jason Spezza wins face-off versus Derek Roy in neutral zone.
0:07 of 3rd period - Minor Penalty to Kevin Klein for Holding Stick.
0:08 of 3rd period - Benoit Pouliot wins face-off versus Jason Spezza in Jets zone.
0:12 of 3rd period - Richard Jackman is hit by Derek Roy and loses puck.
0:25 of 3rd period - Wrist shot by Derek Roy.
0:25 of 3rd period - Deflect By Benoit Pouliot.
0:25 of 3rd period - Shot Blocked by Rick Nash.
0:25 of 3rd period - Puck is out of play.
0:26 of 3rd period - Benoit Pouliot wins face-off versus Jason Spezza in Red Wings zone.
1:05 of 3rd period - Snap shot by Martin Havlat.
1:05 of 3rd period - Deflect By Mike Richards.
1:05 of 3rd period - Shot Hit the Post.
1:05 of 3rd period - Puck is out of play.
1:06 of 3rd period - Mike Richards wins face-off versus Daniel Sedin in Jets zone.
1:40 of 3rd period - Icing by Jason Spezza.
1:41 of 3rd period - Jason Spezza wins face-off versus Benoit Pouliot in Red Wings zone.
1:46 of 3rd period - Penalty to Maxim Kondratiev is over, Maxim Kondratiev is back on ice.
2:07 of 3rd period - Penalty to Kevin Klein is over, Kevin Klein is back on ice.
2:09 of 3rd period - Icing by Rick Nash.
2:10 of 3rd period - Jason Spezza wins face-off versus Mikko Koivu in Red Wings zone.
2:48 of 3rd period - Anton Volchenkov is hit by Maxim Kondratiev and loses puck.
3:23 of 3rd period - Wrist shot by Ales Hemsky.
3:23 of 3rd period - Goal by Ales Hemsky - Jets : 1 - Red Wings : 1.
3:24 of 3rd period - Rick Nash wins face-off versus Derek Roy in neutral zone.
3:27 of 3rd period - Slapshot by Martin Havlat.
3:27 of 3rd period - Shot Blocked by Kevin Klein.
3:29 of 3rd period - Snap shot by Richard Jackman.
3:29 of 3rd period - Stopped by Kari Lehtonen without a rebound.
3:30 of 3rd period - Derek Roy wins face-off versus Jason Spezza in Jets zone.
3:30 of 3rd period - Derek Roy is hit by Rick Nash.
3:40 of 3rd period - Wrist shot by Jason Spezza.
3:40 of 3rd period - Deflect By Rick Nash.
3:40 of 3rd period - Deflect By Benoit Pouliot.
3:40 of 3rd period - Shot Misses the Net.
3:40 of 3rd period - Puck is out of play.
3:41 of 3rd period - Derek Roy wins face-off versus Jason Spezza in Jets zone.
4:14 of 3rd period - Slapshot by Sean Bergenheim.
4:14 of 3rd period - Goal by Sean Bergenheim - Jets : 1 - Red Wings : 2.
4:15 of 3rd period - Jason Spezza wins face-off versus Derek Roy in neutral zone.
4:17 of 3rd period - Off-side.
4:18 of 3rd period - Jason Spezza wins face-off versus Derek Roy in neutral zone.
4:21 of 3rd period - Snap shot by Martin Havlat.
4:21 of 3rd period - Stopped by Kari Lehtonen with a rebound.
4:41 of 3rd period - Minor Penalty to Jason Spezza for Hooking.
4:42 of 3rd period - Derek Roy wins face-off versus Adam Henrique in Red Wings zone.
5:43 of 3rd period - Anton Volchenkov is hit by Richard Jackman and loses puck.
6:17 of 3rd period - Icing by Kevin Klein.
6:18 of 3rd period - Nate Thompson wins face-off versus Derek Roy in Jets zone.
6:19 of 3rd period - Snap shot by Rick Nash.
6:19 of 3rd period - Stopped by Kari Lehtonen with a rebound.
6:41 of 3rd period - Penalty to Jason Spezza is over, Jason Spezza is back on ice.
6:56 of 3rd period - Anton Volchenkov is hit by Maxim Kondratiev and loses puck.
7:31 of 3rd period - Slapshot by Rick Nash.
7:31 of 3rd period - Deflect By Martin Havlat.
7:31 of 3rd period - Shot Misses the Net.
7:31 of 3rd period - Puck is out of play.
7:32 of 3rd period - Jason Spezza wins face-off versus Mikko Koivu in Jets zone.
7:35 of 3rd period - Wrist shot by Rick Nash.
7:35 of 3rd period - Stopped by Kari Lehtonen without a rebound.
7:36 of 3rd period - Jason Spezza wins face-off versus Mikko Koivu in Jets zone.
8:28 of 3rd period - Wrist shot by Fredrik Sjostrom.
8:28 of 3rd period - Shot Misses the Net.
8:30 of 3rd period - Slapshot by Dmitri Kalinin.
8:30 of 3rd period - Deflect By Eric Fehr.
8:30 of 3rd period - Stopped by Jonathan Quick with a rebound.
8:52 of 3rd period - Slapshot by Zack Hamill.
8:52 of 3rd period - Shot Hit the Post.
8:54 of 3rd period - Wrist shot by Tomas Kopecky.
8:54 of 3rd period - Shot Misses the Net.
9:04 of 3rd period - Adam Henrique is hit by Blake Wheeler.
9:08 of 3rd period - Blake Wheeler is hit by Adam Henrique and loses puck.
9:35 of 3rd period - Wrist shot by Derek Roy.
9:35 of 3rd period - Shot Blocked by Christian Backman.
10:29 of 3rd period - Slapshot by Ales Hemsky.
10:29 of 3rd period - Shot Misses the Net.
10:33 of 3rd period - Wrist shot by Sean Bergenheim.
10:33 of 3rd period - Shot Blocked by Mikko Koivu.
10:35 of 3rd period - Snap shot by Mike Richards.
10:35 of 3rd period - Stopped by Kari Lehtonen without a rebound.
10:36 of 3rd period - Jason Spezza wins face-off versus Derek Roy in Jets zone.
11:08 of 3rd period - Wrist shot by Daniel Sedin.
11:08 of 3rd period - Deflect By Mikko Koivu.
11:08 of 3rd period - Shot Hit the Post.
11:08 of 3rd period - Puck is out of play.
11:09 of 3rd period - Jason Spezza wins face-off versus Mikko Koivu in Red Wings zone.
11:09 of 3rd period - Jason Spezza is hit by Chris Phillips.
11:15 of 3rd period - Snap shot by Rick Nash.
11:15 of 3rd period - Shot Hit the Post.
11:17 of 3rd period - Slapshot by Philip Samuelsson.
11:17 of 3rd period - Stopped by Kari Lehtonen with a rebound.
11:19 of 3rd period - Wrist shot by Philip Samuelsson.
11:19 of 3rd period - Shot Blocked by Daniel Sedin.
11:21 of 3rd period - Wrist shot by Jason Spezza.
11:21 of 3rd period - Shot Misses the Net.
11:23 of 3rd period - Slapshot by Jason Spezza.
11:23 of 3rd period - Shot Hit the Post.
11:25 of 3rd period - Snap shot by Jason Spezza.
11:25 of 3rd period - Shot Misses the Net.
11:31 of 3rd period - Minor Penalty to Mikko Koivu for Hooking.
11:32 of 3rd period - Jason Spezza wins face-off versus Derek Roy in Jets zone.
11:42 of 3rd period - Minor Penalty to Dmitri Kalinin for Roughing.
11:43 of 3rd period - Jason Spezza wins face-off versus Blake Wheeler in Jets zone.
11:47 of 3rd period - Slapshot by Martin Havlat.
11:47 of 3rd period - Stopped by Kari Lehtonen without a rebound.
11:48 of 3rd period - Blake Wheeler wins face-off versus Jason Spezza in Jets zone.
11:48 of 3rd period - Blake Wheeler is hit by Martin Havlat.
12:05 of 3rd period - Slapshot by Shea Weber.
12:05 of 3rd period - Deflect By Rick Nash.
12:05 of 3rd period - Stopped by Kari Lehtonen without a rebound.
12:06 of 3rd period - Blake Wheeler wins face-off versus Mike Richards in Jets zone.
12:06 of 3rd period - Blake Wheeler is hit by Sean Bergenheim.
13:31 of 3rd period - Penalty to Mikko Koivu is over, Mikko Koivu is back on ice.
13:31 of 3rd period - Richard Jackman is hit by Brendan Bell and loses puck.
13:42 of 3rd period - Penalty to Dmitri Kalinin is over, Dmitri Kalinin is back on ice.
13:52 of 3rd period - Richard Jackman is hit by Adam Pardy and loses puck.
14:17 of 3rd period - Philip Samuelsson is hit by Zack Hamill and loses puck.
14:38 of 3rd period - Off-side.
14:39 of 3rd period - Mikko Koivu wins face-off versus Alex Picard in neutral zone.
14:50 of 3rd period - Slapshot by Nate Thompson.
14:50 of 3rd period - Shot Misses the Net.
15:06 of 3rd period - Jason Spezza is hit by Benoit Pouliot and loses puck.
15:56 of 3rd period - Snap shot by Adam Henrique.
15:56 of 3rd period - Stopped by Kari Lehtonen with a rebound.
16:02 of 3rd period - Shea Weber is hit by Mikko Koivu and loses puck.
16:13 of 3rd period - Derek Roy is hit by Richard Jackman and loses puck.
16:26 of 3rd period - Wrist shot by Mike Brown.
16:26 of 3rd period - Stopped by Kari Lehtonen without a rebound.
16:27 of 3rd period - Jason Spezza wins face-off versus Blair Betts in Jets zone.
16:54 of 3rd period - Christian Backman is hit by Dustin Brown and loses puck.
17:01 of 3rd period - Wrist shot by Benoit Pouliot.
17:01 of 3rd period - Stopped by Jonathan Quick with a rebound.
17:19 of 3rd period - Snap shot by Nate Thompson.
17:19 of 3rd period - Stopped by Kari Lehtonen without a rebound.
17:20 of 3rd period - Blake Wheeler wins face-off versus Nate Thompson in Jets zone.
17:52 of 3rd period - Off-side.
17:53 of 3rd period - Jason Spezza wins face-off versus Dustin Brown in neutral zone.
17:53 of 3rd period - Jason Spezza is hit by Dustin Brown.
18:07 of 3rd period - Snap shot by Dustin Brown.
18:07 of 3rd period - Stopped by Jonathan Quick with a rebound.
18:09 of 3rd period - Snap shot by Benoit Pouliot.
18:09 of 3rd period - Goal by Benoit Pouliot - Jets : 2 - Red Wings : 2.
18:10 of 3rd period - Jason Spezza wins face-off versus Derek Roy in neutral zone.
18:10 of 3rd period - Jason Spezza is hit by Brendan Bell.
18:14 of 3rd period - Brendan Bell is hit by Rick Nash and loses puck.
18:37 of 3rd period - Snap shot by Mike Richards.
18:37 of 3rd period - Stopped by Kari Lehtonen without a rebound.
18:38 of 3rd period - Mikko Koivu wins face-off versus Mike Richards in Jets zone.
18:42 of 3rd period - Minor Penalty to Maxim Kondratiev for Cross-checking.
18:43 of 3rd period - Derek Roy wins face-off versus Jason Spezza in Red Wings zone.
Goals for this period are 1 for Jets vs 2 for Red Wings.
Shots for this period are 4 for Jets vs 14 for Red Wings.

Overtime #1


0:01 of 1st overtime period - Jason Spezza wins face-off versus Derek Roy in neutral zone.
0:26 of 1st overtime period - Jason Spezza is hit by Daniel Sedin and loses puck.
0:31 of 1st overtime period - Snap shot by Mikko Koivu.
0:31 of 1st overtime period - Shot Misses the Net.
0:33 of 1st overtime period - Wrist shot by Blake Wheeler.
0:33 of 1st overtime period - Stopped by Jonathan Quick with a rebound.
0:35 of 1st overtime period - Snap shot by Chris Phillips.
0:35 of 1st overtime period - Stopped by Jonathan Quick with a rebound.
0:37 of 1st overtime period - Snap shot by Chris Phillips.
0:37 of 1st overtime period - Stopped by Jonathan Quick without a rebound.
0:38 of 1st overtime period - Derek Roy wins face-off versus Jason Spezza in Red Wings zone.
0:42 of 1st overtime period - Penalty to Maxim Kondratiev is over, Maxim Kondratiev is back on ice.
1:10 of 1st overtime period - Snap shot by Blake Wheeler.
1:10 of 1st overtime period - Shot Blocked by Philip Samuelsson.
1:26 of 1st overtime period - Backhand shot by Sean Bergenheim.
1:26 of 1st overtime period - Shot Blocked by Brendan Bell.
1:30 of 1st overtime period - Slapshot by Sean Bergenheim.
1:30 of 1st overtime period - Shot Blocked by Jussi Jokinen.
1:34 of 1st overtime period - Snap shot by Sean Bergenheim.
1:34 of 1st overtime period - Stopped by Kari Lehtonen with a rebound.
2:17 of 1st overtime period - Off-side.
2:18 of 1st overtime period - Mike Richards wins face-off versus Blair Betts in neutral zone.
2:43 of 1st overtime period - Carson Mcmillan is hit by Anton Volchenkov and loses puck.
3:43 of 1st overtime period - Slapshot by Philip Samuelsson.
3:43 of 1st overtime period - Stopped by Kari Lehtonen without a rebound.
3:44 of 1st overtime period - Adam Henrique wins face-off versus Blair Betts in Jets zone.
4:35 of 1st overtime period - Snap shot by Fredrik Sjostrom.
4:35 of 1st overtime period - Deflect By Eric Fehr.
4:35 of 1st overtime period - Shot Misses the Net.
4:35 of 1st overtime period - Puck is out of play.
4:36 of 1st overtime period - Jason Spezza wins face-off versus Derek Roy in Red Wings zone.
4:41 of 1st overtime period - Derek Roy is hit by Martin Havlat and loses puck.
4:53 of 1st overtime period - Off-side.
4:54 of 1st overtime period - Mikko Koivu wins face-off versus Mike Richards in neutral zone.
5:24 of 1st overtime period - Rick Nash is hit by Anton Volchenkov and loses puck.
5:43 of 1st overtime period - Snap shot by Jussi Jokinen.
5:43 of 1st overtime period - Stopped by Jonathan Quick without a rebound.
5:44 of 1st overtime period - Alex Picard wins face-off versus Zack Hamill in Red Wings zone.
6:17 of 1st overtime period - Wrist shot by Jason Spezza.
6:17 of 1st overtime period - Stopped by Kari Lehtonen without a rebound.
6:18 of 1st overtime period - Mikko Koivu wins face-off versus Mike Richards in Jets zone.
6:29 of 1st overtime period - Snap shot by Daniel Sedin.
6:29 of 1st overtime period - Stopped by Jonathan Quick with a rebound.
6:43 of 1st overtime period - Rick Nash is hit by Dustin Brown and loses puck.
6:50 of 1st overtime period - Wrist shot by Martin Havlat.
6:50 of 1st overtime period - Stopped by Kari Lehtonen with a rebound.
7:28 of 1st overtime period - Mike Richards is hit by Brendan Bell and loses puck.
7:55 of 1st overtime period - Slapshot by Benoit Pouliot.
7:55 of 1st overtime period - Shot Blocked by Maxim Kondratiev.
8:11 of 1st overtime period - Slapshot by Adam Henrique.
8:11 of 1st overtime period - Stopped by Kari Lehtonen with a rebound.
8:13 of 1st overtime period - Snap shot by Adam Henrique.
8:13 of 1st overtime period - Stopped by Kari Lehtonen without a rebound.
8:14 of 1st overtime period - Mikko Koivu wins face-off versus Adam Henrique in Jets zone.
8:27 of 1st overtime period - Slapshot by Mikko Koivu.
8:27 of 1st overtime period - Goal by Mikko Koivu - Jets : 3 - Red Wings : 2.
Goals for this period are 1 for Jets vs 0 for Red Wings.
Shots for this period are 6 for Jets vs 6 for Red Wings.